 Dungeon Crawl Stone Soup version 0.28-a0-556-gab23d0e057 (webtiles) character file.

Game seed: 13675568243617782557

39 miscthings the Chopper (level 3, -4/34 HPs)
             Began as a Naga Fighter on Sept 28, 2021.
             Slain by an ice beast (12 damage)
             ... on level 3 of the Dungeon.
             The game lasted 00:01:30 (1237 turns).

miscthings the Chopper (Naga Fighter)               Turns: 1237, Time: 00:01:30

Health: -4/34      AC:  6    Str: 19    XL:     3   Next: 47%
Magic:  3/3        EV:  7    Int:  8    God:
Gold:   108        SH:  4    Dex: 10    Spells: 2/2 levels left

rFire   . . .      SeeInvis +   a - +0 war axe
rCold   . . .      Faith    .   c - +0 buckler
rNeg    . . .      Spirit   .   b - +0 scale mail
rPois   +          Reflect  .   (no helmet)
rElec   .          Harm     .   l - +0 cloak
rCorr   .          Rampage  .   j - +0 pair of gloves
Will    .....                   (no barding)
Stlth   ..........              (no amulet)
HPRegen 0.11/turn               (no ring)
MPRegen 0.08/turn               (no ring)

@: very slow
A: AC +1, large, see invisible, deformed body, poison resistance, slowness 2,
spit poison 1, naga tail 1
a: Spit Poison


You were on level 3 of the Dungeon.
You visited 1 branch of the dungeon, and saw 3 of its levels.

You collected 108 gold pieces.

Inventory:

Hand Weapons
 a - a +0 war axe (weapon)
Armour
 b - a +0 scale mail (worn)
 c - a +0 buckler (worn)
 j - a +0 pair of gloves (worn)
 l - a +0 cloak (worn)
Jewellery
 h - a ring of wizardry
 i - a ring of positive energy
Scrolls
 e - a scroll of vulnerability {unknown}
 g - a scroll of acquirement {unknown}
 n - a scroll of summoning {unknown}
 o - a scroll of enchant weapon {unknown}
Potions
 d - a potion of might
 f - a potion of berserk rage {unknown}
 k - a potion of resistance {unknown}
 m - 2 potions of curing


   Skills:
 - Level 3.0 Fighting
 + Level 3.8 Axes
 - Level 2.4 Armour
 - Level 2.4 Shields


You had 2 spell levels left.
You didn't know any spells.
Your spell library contained the following spells:

 Spells                   Type           Power      Damage    Failure   Level
 Foxfire                  Conj/Fire      0%         2x1d4     78%         1
 Slow                     Hex            0%         N/A       89%         2
 Confusing Touch          Hex            0%         N/A       98%         3
 Conjure Flame            Conj/Fire      0%         6-21      98%         3
 Inner Flame              Hex/Fire       0%         N/A       98%         3
 Vampiric Draining        Necr           0%         2d6       98%         3
 Flame Wave               Conj/Fire      0%         3d3       100%        4


Dungeon Overview and Level Annotations

Branches:
Dungeon (3/15)

Altars:

Shops:
D:1 [


Innate Abilities, Weirdness & Mutations

Your serpentine skin is tough. (AC +1)
You have supernaturally acute eyesight. (SInv)
Armour fits poorly on your strangely shaped body.
Your system is resistant to poisons. (rPois)
You cover ground very slowly.
You can spit poison.
You have a snake-like lower body.


Message History

The adder hisses angrily.
An adder is nearby!
An adder is nearby!
An ice beast comes into view.
The adder bites you. You block the adder's attack.
You hit the adder.
The adder is severely wounded.
The adder barely misses you.
You slash the adder!
You kill the adder!
Drop what? 15/52 slots (_ for help) (? for menu, Esc to quit)
Okay, then.
Abil: Spit Poison
Press: ? - help, Q - select action Shift-Dir - straight line, f - ice beast
Aim: an ice beast The splash of poison misses the ice beast.
You hit the ice beast.
The ice beast is moderately wounded.
The ice beast barely misses you.
You slash the ice beast!
The ice beast is heavily wounded.
The ice beast hits you but does no damage.
The ice beast hits you. The ice beast freezes you!
You closely miss the ice beast.
The ice beast is heavily wounded.
You have got your breath back.
The ice beast hits you but does no damage.
You barely miss the ice beast.
The ice beast is heavily wounded.
The ice beast hits you but does no damage.
You hit the ice beast.
The ice beast is heavily wounded.
The ice beast hits you. The ice beast freezes you.
You barely miss the ice beast.
The ice beast is heavily wounded.
The ice beast hits you but does no damage.
The ice beast hits you.
* * * LOW HITPOINT WARNING * * *
The ice beast freezes you!
You die...

.........
#####.......#
#...........#
#...........#
#...........#
###...........#
#.............####..
#...........@Y......
#.........##........
#.........##........
#..........+........
#.........##........
#...########........
#...# #........
##'## #........ #.#


You could see an ice beast.

Vanquished Creatures
  An adder (D:3)
  A dart slug (D:1)
  4 ball pythons
  2 bats
  2 giant cockroaches (D:1)
  4 goblins (D:2)
  4 hobgoblins
  4 jackals (D:3)
  2 frilled lizards (D:1)
  A kobold (D:3)
25 creatures vanquished.

Notes
Turn   | Place    | Note
-------+----------+-------------------------------------------
     0 | D:1      | miscthings the Naga Fighter began the quest for the Orb.
     0 | D:1      | Reached XP level 1. HP: 21/21 MP: 1/1
    76 | D:1      | Found Semeqix's Antique Armour Boutique.
   421 | D:1      | Reached XP level 2. HP: 28/28 MP: 2/2
   522 | D:1      | Found a faded altar of an unknown god.
  1063 | D:3      | Reached XP level 3. HP: 34/34 MP: 3/3
  1227 | D:3      | Noticed an ice beast
  1237 | D:3      | Slain by an ice beast

Illustrated notes

Levels and vault maps discovered:
D:1:      dpeg_arrival_arbitrary_b, layout_basic,
          shapermc_ecumenical_altar_notcrosses, serial_shops,
          nicolae_shop_crystal
D:2:      layout_basic, minmay_misc_feat_secret_circle
D:3:      layout_basic, fiery_altar_vehumet

Skill      XL: |  1  2 |
---------------+-------+-----
Axes           | 3 |  3.8
Fighting       | |  3.0
Armour         | |  2.4
Shields        | |  2.4

Action                   || total
-------------------------++-------
Melee: War axe           ||    57
 Abil: Spit Poison       ||     1
Armor: Scale mail        ||    24
Dodge: Dodged            ||    16
Block: Buckler           ||     9

Table legend: (Time is in decaauts)
 A = Elapsed time spent in this place.
 B = Non-inter-level travel time spent in this place.
 C = Inter-level travel time spent in this place.
 D = Time resting spent in this place.
 E = Time spent auto-exploring this place.
 F = Levels seen in this place.
 G = Mean time per level.
                   A        B        C        D        E       F      G
               +--------+--------+--------+--------+--------+-----+--------+
         Total |   1706 |   1599 |    107 |      0 |   1363 |   3 |  568.7 |
       Dungeon |   1706 |   1599 |    107 |      0 |   1363 |   3 |  568.7 |
               +--------+--------+--------+--------+--------+-----+--------+

Top non-repeatable levels by time:
     D:1: 774 daAuts
     D:2: 687 daAuts
     D:3: 243 daAuts
